 Dungeon Crawl Stone Soup version 0.28-a0-1033-g1a2f33fa85 (webtiles) character file.

Game seed: 760041440710084110

1665333 ALWAYSlose the Skullcrusher (level 25, 233/257 HPs)
             Began as a Minotaur Berserker on Dec 6, 2021.
             Was a High Priest of Trog.
             Escaped with the Orb
             ... and 3 runes on Dec 8, 2021!
             The game lasted 02:04:45 (68140 turns).

ALWAYSlose the Skullcrusher (Minotaur Berserker)   Turns: 68140, Time: 02:04:46

Health: 233/257    AC: 57    Str: 39    XL:     25   Next: 90%
Magic:  22/22      EV: 24    Int:  1    God:    Trog [*****.]
Gold:   5920       SH: 23    Dex: 21    Spells: 24/24 levels left

rFire   . . .      SeeInvis +   G - +9 eveningstar (freeze)
rCold   . . .      Faith    .   z - +5 kite shield {AC+3}
rNeg    + + .      Spirit   .   h - +16 plate armour "Potoah" {Str+4 Int-3 Slay+3}
rPois   +          Reflect  .   (helmet restricted)
rElec   .          Harm     .   j - +4 dragonskin cloak
rCorr   .          Rampage  .   d - +2 pair of gloves {Str+3}
Will    +++..      Rage     1%  M - +2 pair of boots
Stlth   .......... Rnd*Tele +   f - amulet of Satyriasis {Acrobat rPois rN++ Int-5 Slay+5}
HPRegen 0.52/turn               C - ring of Igyorufona {Contam Str+5 Int+3 SInv}
MPRegen 0.18/turn               y - +6 ring of dexterity

@: studying Spellcasting
A: horns 2, retaliatory headbutt, iridescent scales 1, berserk 1, strong-willed
2, inhibited regeneration, teleportitis 1, subdued magic 1
0: Orb of Zot
}: 3/15 runes: decaying, serpentine, silver
a: Renounce Religion, Berserk, Trog's Hand, Brothers in Arms


You escaped.
You worshipped Trog.
Trog was extremely pleased with you.
You visited 9 branches of the dungeon, and saw 46 of its levels.
You also visited: Trove, Sewer, Bailey, Ice Cave and Volcano.

You collected 7978 gold pieces.
You spent 2058 gold pieces at shops.

Inventory:

Hand Weapons
 G - a +9 eveningstar of freezing (weapon)
 O - the +10 morningstar "Eos" {elec, Halo rElec}
   (You acquired it on level 2 of the Swamp)

   It occasionally discharges a powerful burst of electricity upon striking a
   foe.
   It grants its wielder a halo, increasing accuracy against those within it.
   rElec:     It insulates you from electricity.
Missiles
 b - 107 poisoned darts (quivered)
 k - 4 throwing nets
 x - 14 atropa-tipped darts
 I - 5 curare-tipped darts
 Y - 13 silver javelins
Armour
 d - a +2 pair of gloves of strength (worn)
 h - the +16 plate armour "Potoah" (worn) {Str+4 Int-3 Slay+3}
   (You found it on level 11 of the Dungeon)

   Str:       It affects your strength (+4).
   Int:       It affects your intelligence (-3).
   Slay:      It affects your accuracy & damage with ranged weapons and melee
   (+3).
 j - the +4 dragonskin cloak (worn)
   (You took it off Tiamat on level 4 of the Realm of Zot)

   It grants the wearer a chance to resist fire, cold, poison, electricity,
   acid, and negative energy.
 z - a +5 kite shield of protection (worn)
 M - a +2 pair of boots (worn)
 Q - a +2 hat of stealth
Jewellery
 f - the amulet of Satyriasis (around neck) {Acrobat rPois rN++ Int-5 Slay+5}
   (You acquired it on level 7 of the Dungeon)

   [amulet of the acrobat]

   It increases your evasion while moving and waiting.
   Int:       It affects your intelligence (-5).
   Slay:      It affects your accuracy & damage with ranged weapons and melee
   (+5).
   rPois:     It protects you from poison.
   rN:        It greatly protects you from negative energy.
 y - a +6 ring of dexterity (right hand)
 C - the ring of Igyorufona (left hand) {Contam Str+5 Int+3 SInv}
   (You found it in a treasure trove)

   [ring of see invisible]

   Str:       It affects your strength (+5).
   Int:       It affects your intelligence (+3).
   SInv:      It lets you see invisible.
   Contam:    It causes magical contamination when unequipped.
Wands
 g - a wand of digging (18)
 l - a wand of flame (69)
 q - a wand of iceblast (50)
 r - a wand of polymorph (21)
 E - a wand of acid (40)
 H - a wand of paralysis (22)
 V - a wand of charming (14)
 Z - a wand of mindburst (14)
Scrolls
 a - 9 scrolls of blinking
 c - 9 scrolls of fear
 m - 23 scrolls of teleportation
 t - 16 scrolls of fog
 A - a scroll of summoning
 B - 4 scrolls of immolation
 K - 3 scrolls of torment
 L - 12 scrolls of magic mapping
 N - 37 scrolls of identify
 P - a scroll of enchant armour
 S - 2 scrolls of silence
 U - a scroll of brand weapon
Potions
 e - 4 potions of cancellation
 i - 7 potions of berserk rage
 n - 2 potions of resistance
 o - 6 potions of heal wounds
 p - 6 potions of magic
 s - 14 potions of ambrosia
 u - 17 potions of curing
 v - 6 potions of haste
 w - 6 potions of flight
 T - 4 potions of might
 X - 5 potions of attraction


   Skills:
 O Level 27 Fighting
 O Level 27 Maces & Flails
 - Level 6.0 Throwing
 O Level 27 Armour
 + Level 21.2 Dodging
 + Level 24.3 Shields


You had 24 spell levels left.
You didn't know any spells.
Your spell library contained the following spells:

 Spells                   Type           Power      Damage    Failure   Level
 Apportation              Tloc           0%         N/A       80%         1
 Foxfire                  Conj/Fire      0%         2x1d4     80%         1
 Pain                     Necr           0%         1d4       80%         1
 Sandblast                Erth           0%         2d4       80%         1
 Slow                     Hex            0%         N/A       80%         1
 Blink                    Tloc           0%         N/A       91%         2
 Corpse Rot               Necr/Air       0%         N/A       91%         2
 Passwall                 Tmut/Erth      0%         N/A       91%         2
 Static Discharge         Conj/Air       0%         N/A       91%         2
 Sublimation of Blood     Necr           0%         N/A       91%         2
 Wereblood                Tmut           0%         N/A       91%         2
 Confusing Touch          Hex            0%         N/A       99%         3
 Conjure Flame            Conj/Fire      0%         6-21      99%         3
 Dazzling Flash           Conj/Hex       0%         N/A       99%         3
 Frozen Ramparts          Ice            0%         1d2       99%         3
 Gell's Gravitas          Tloc           0%         N/A       99%         3
 Ignite Poison            Fire/Tmut/Pois 0%         N/A       99%         3
 Inner Flame              Hex/Fire       0%         N/A       99%         3
 Lesser Beckoning         Tloc           0%         N/A       99%         3
 Stone Arrow              Conj/Erth      0%         3d7       99%         3
 Summon Guardian Golem    Hex/Summ       0%         N/A       99%         3
 Teleport Other           Tloc           0%         N/A       99%         3
 Vampiric Draining        Necr           0%         2d6       99%         3
 Airstrike                Air            0%         N/A       100%        4
 Dispel Undead            Necr           0%         3d6       100%        4
 Flame Wave               Conj/Fire      0%         2d4       100%        4
 Fulminant Prism          Conj/Hex       0%         3d6       100%        4
 Hailstorm                Conj/Ice       0%         3d3       100%        4
 Ice Form                 Ice/Tmut       0%         N/A       100%        4
 Iskenderun's Mystic Bla  Conj/Tloc      0%         2d3       100%        4
 Leda's Liquefaction      Hex/Erth       0%         N/A       100%        4
 Olgreb's Toxic Radiance  Pois           0%         N/A       100%        4
 Passage of Golubria      Tloc           0%         N/A       100%        4
 Petrify                  Tmut/Erth      0%         N/A       100%        4
 Sticky Flame             Conj/Fire      0%         2d3       100%        4
 Summon Ice Beast         Ice/Summ       0%         N/A       100%        4
 Summon Lightning Spire   Summ/Air       0%         N/A       100%        4
 Agony                    Necr           0%         N/A       100%        5
 Alistair's Intoxication  Tmut/Pois      0%         N/A       100%        5
 Excruciating Wounds      Necr           0%         N/A       100%        5
 Freezing Cloud           Conj/Ice/Air   0%         6-21      100%        5
 Iskenderun's Battlesphe  Conj           0%         2d6       100%        5
 Lee's Rapid Deconstruct  Erth           0%         3d5*      100%        5
 Lightning Bolt           Conj/Air       0%         1d11      100%        5
 Manifold Assault         Tloc           0%         N/A       100%        5
 Silence                  Hex/Air        0%         N/A       100%        5
 Summon Mana Viper        Hex/Summ       0%         N/A       100%        5
 Yara's Violent Unravell  Hex/Tmut       0%         3d3       100%        5
 Death Channel            Necr           0%         N/A       100%        6
 Iron Shot                Conj/Erth      0%         9d1       100%        6
 Simulacrum               Ice/Necr       0%         N/A       100%        6
 Statue Form              Tmut/Erth      0%         N/A       100%        6
 Monstrous Menagerie      Summ           0%         N/A       100%        7
 Orb of Destruction       Conj           0%         N/A       100%        7
 Ozocubu's Refrigeration  Ice            0%         4d5       100%        7
 Spellforged Servitor     Conj/Summ      0%         N/A       100%        7
 Summon Hydra             Summ           0%         N/A       100%        7
 Borgnjor's Revivificati  Necr           0%         N/A       100%        8
 Ignition                 Fire           0%         3d3       100%        8
 Lehudib's Crystal Spear  Conj/Erth      0%         10d2      100%        8
 Maxwell's Capacitive Co  Air            0%         ∞         100%        8
 Necromutation            Tmut/Necr      0%         N/A       100%        8
 Chain Lightning          Conj/Air       0%         N/A       100%        9
 Death's Door             Necr           0%         N/A       100%        9
 Fire Storm               Conj/Fire      0%         5d1       100%        9
 Shatter                  Erth           0%         3d5*      100%        9


Dungeon Overview and Level Annotations

Branches:
Dungeon (15/15)            Temple (1/1) D:4            Lair (6/6) D:10
  Swamp (4/4) Lair:4        Snake (4/4) Lair:3        Slime (0/5) Lair:6
    Orc (2/2) D:10            Elf (0/3) Orc:2        Vaults (5/5) D:14
  Crypt (0/3) Vaults:3     Depths (4/4) D:15            Zot (5/5) Depths:4
  Sewer (visited)          Bailey (visited)           IceCv (visited)
Volcano (visited)

Altars:
Ashenzari
Cheibriados
Elyvilon
Kikubaaqudgha
Makhleb
Nemelex Xobeh
Qazlal
Ru
Sif Muna
Vehumet
Wu Jian
Xom
Zin
Beogh
Lugonu

Shops:
D:7 **   D:10 =   D:13 (   Orc:2 *[*!   Snake:2 ?(!*   Snake:4 =:=   Vaults:2 *

Portals:
Hell: Depths:1 Depths:2 Depths:3 Depths:4
Abyss: Depths:1 Depths:2 Depths:3
Pandemonium: Depths:2 Depths:3
Ziggurat: Depths:3

Annotations:
Depths:3 2 transporters
Zot:3 2 transporters, Etiafa's ghost, legendary TrWz


Innate Abilities, Weirdness & Mutations

You have a pair of horns on your head.
You reflexively headbutt those who attack you in melee.
You are partially covered in iridescent scales. (AC +2)
You tend to lose your temper in combat.
You are highly strong-willed. (Will++)
You do not regenerate when monsters are visible.
You are occasionally teleported next to monsters.
Your spells are a little easier to cast, but a little less powerful.


Message History

Unknown command.
Unknown command.
A Hell Sentinel comes into view.
There is an escape hatch in the ceiling here.
A mysterious force pulls you upwards. The hatch slams shut behind you.
A hellion comes into view.
There is a stone staircase leading up here.
You climb upwards.
There is a stone staircase leading down here.
Unknown command.
Unknown command.
A tormentor comes into view.
A rust devil comes into view.
The rust devil screeches!
Press: ? - help, v - describe, . - travel The floor.
There is an escape hatch in the ceiling here.
A mysterious force pulls you upwards. The hatch slams shut behind you.
Unknown command.
Unknown command.
Aiming: Dig
Press: ? - help, Shift-Dir - straight line, f - you Please select a direction to dig.
This square is covered in magical glow.
Okay, then.
Unknown command.
Press: ? - help, v - describe, . - travel The floor.
This square is covered in magical glow.
Aiming: Dig
Press: ? - help, Shift-Dir - straight line A rock wall.
This square is covered in magical glow.
The rock shatters into small pieces.
A tormentor comes into view.
There is a stone staircase leading up here.
You climb upwards.
There is a stone staircase leading down here.
There is a staircase leading out of the dungeon here.
You have escaped!

##.##.....##.##.........# ###....
...........##.##........# #....##
##.##.#.....##.##.......###......
#..##.##.....##.##...............
#.#....##.....##.########........
..#...#.##.....##.........#......
.##...##.##.....#########.#......
#####.###.##..8..................
#####...##.##...@.........#######
.(.....##.##..>.............##
###...##.##.....#########.#..#
##..#.#.##.....##.........####
....#..##.....##.########.#
.#..#.##.....##.## ####..#
>#.##.#.....##.## #....##
.#.##......##.## ###.####
...##.....##.######...#


There were no monsters in sight!

Vanquished Creatures
  3 dread liches
  Tiamat (Zot:4)
  Mara (Depths:1)
  3 ancient liches
  9 orbs of fire
  A juggernaut (Depths:4)
  7 Killer Klowns
  2 pandemonium lords
  5 curse toes
  Jory (Vaults:2)
  14 golden dragons
  6 electric golems
  16 tentacled monstrosities
  A Hell Sentinel (D:9)
  An Ice Fiend (Zot:2)
  27 Orb Guardians
  Rupert (Snake:1)
  The ghost of Jysajome the Bludgeoner, an adept OgCj of Ashenzari (Lair:4)
  An Executioner (Depths:1)
  4 titans
  An ancient champion (Vaults:3)
  9 quicksilver dragons
  15 death cobs
  An eldritch tentacle (Depths:1)
  Frances (Swamp:1)
  8 tengu reavers
  10 sphinxes
  17 shadow dragons
  8 draconian monks
  18 storm dragons
  Donald (Snake:2)
  4 draconian knights
  Kirke (Swamp:4)
  Roxanne (Snake:4)
  11 nagarajas
  5 draconian scorchers
  10 frost giants
  A deep elf sorcerer (Vaults:3)
  9 fire giants
  An emperor scorpion (D:15)
  Aizul (Swamp:4)
  A ghost moth (Zot:5)
  An orc warlord (Bailey)
  20 vault wardens
  Louise (Swamp:2)
  5 draconian stormcallers
  7 draconian shifters
  2 iron dragons (Vaults:5)
  A ghoul (Swamp:1)
  23 ironbound preservers
  4 war gargoyles
  4 draconian annihilators
  16 very ugly things
  14 stone giants
  A reaper (Zot:5)
  16 black draconians
  5 eleionomae
  9 purple draconians
  An entropy weaver (Vaults:1)
  A vampire knight (Depths:4)
  5 deep elf demonologists
  A lorocyproca (D:6)
  Nessos (D:13)
  3 deep elf annihilators
  A minotaur (Lair:4)
  A dire elephant (shapeshifter) (Vaults:5)
  18 green draconians
  11 dire elephants
  11 white draconians
  14 yellow draconians
  14 red draconians
  3 bunyips
  A blizzard demon (Depths:2)
  10 ettins
  3 crystal guardians
  Josephine (D:13)
  5 fire dragons
  17 yaktaur captains
  Harold (D:8)
  3 deep elf high priests
  2 shambling mangroves
  7 great orbs of eyes
  4 peacekeepers
  6 ironbound thunderhulks
  2 rakshasas (Depths:2)
  27 vault guards
  4 salamander tyrants
  2 ghost crabs (Swamp:1)
  4 boulder beetles
  4 catoblepae
  5 ice dragons
  A catoblepas (shapeshifter) (Vaults:5)
  A caustic shrike simulacrum (Depths:2)
  15 naga warriors
  5 spriggan air magi
  A hell beast (D:10)
  28 hydras
  8 ironbound frosthearts
  5 death knights
  5 two-headed ogres
  20 centaur warriors
  2 ogre magi
  3 dancing weapons (Zot:2)
  5 alligators
  17 anacondas
  A titan zombie (Depths:2)
  2 deep troll earth magi (Depths:2)
  8 tengu warriors
  An orc high priest (Orc:2)
  Urug (D:11)
  16 death yaks
  3 deep troll shamans
  4 hell hogs (Depths:2)
  A vampire mage (Depths:4)
  11 naga sharpshooters
  5 shock serpents
  A spriggan berserker (Swamp:2)
  14 hell knights
  3 sun demons (Depths:2)
  2 storm dragon zombies
  2 soul eaters (Depths:2)
  A salamander mystic (Snake:3)
  7 iron trolls
  3 sixfirhies
  A shadow wraith (Vaults:4)
  4 goliath frogs
  4 sea snakes (Depths:1)
  A storm dragon skeleton (Vaults:3)
  3 glowing orange brains
  A cherub (D:10)
  51 deep trolls
  7 naga ritualists
  12 swamp dragons
  2 flayed ghosts
  5 spriggan druids
  A swamp dragon (shapeshifter) (Vaults:5)
  17 ironbound convokers
  A shadow dragon zombie (Vaults:4)
  5 necromancers
  6 phantasmal warriors
  6 bog bodies
  An obsidian statue (Zot:5)
  11 lindwurms
  15 mana vipers
  2 oklob plants
  9 manticores
  A deep elf zephyrmancer (Depths:2)
  4 orc sorcerers
  13 wizards
  6 orc knights
  13 salamanders
  8 will-o-the-wisps
  A fire giant zombie (Depths:2)
  9 deep elf pyromancers
  37 ugly things
  A salamander (shapeshifter) (Vaults:5)
  29 moths of wrath
  3 cyclopes
  Maurice (D:8)
  A fire giant skeleton (Depths:2)
  A rust devil (Depths:2)
  16 vault sentinels
  4 guardian serpents
  2 ice statues (IceCv)
  8 apocalypse crabs (Zot:4)
  41 black mambas
  2 molten gargoyles (Volcano)
  14 naga magi
  2 stone giant skeletons (Depths:2)
  4 efreet
  A spriggan zombie (Depths:2)
  10 cane toads
  A kobold demonologist (D:10)
  A rime drake (shapeshifter) (D:14)
  3 gargoyles
  A hellion (Depths:2)
  A tormentor (Zot:2)
  2 unseen horrors
  A yaktaur (shapeshifter) (Depths:3)
  4 freezing wraiths
  2 rime drakes (Lair:6)
  7 komodo dragons
  2 ice devils (Orc:2)
  5 tengu conjurers
  18 yaktaurs
  A polar bear (Lair:6)
  7 meliai
  A queen bee (D:14)
  20 hornets
  12 trolls
  5 raiju (Zot:2)
  12 tyrant leeches
  26 slime creatures
  9 blink frogs
  A dream sheep (shapeshifter) (Vaults:5)
  3 redbacks (Vaults:1)
  2 water elementals
  6 shadows
  Sigmund (D:3)
  16 spriggans
  10 wraiths
  4 wyverns
  2 fire bats (Volcano)
  3 hogs (Swamp:4)
  76 yaks
  17 vampire mosquitoes
  4 basilisks
  A fire elemental (Volcano)
  3 death yak simulacra (IceCv)
  A neqoxec (Zot:1)
  2 humans (Swamp:4)
  A steam dragon (shapeshifter) (Depths:4)
  A steam dragon (D:8)
  A chaos spawn (Depths:2)
  2 wargs
  2 spriggan simulacra (Depths:2)
  38 nagas
  A two-headed ogre zombie (D:10)
  Edmund (D:6)
  14 swamp worms
  A naga (shapeshifter) (D:15)
  A large abomination (Depths:1)
  33 water moccasins
  3 human zombies
  5 acid dragons
  Duvessa (D:6)
  9 swamp drakes
  A floating eye (shapeshifter) (D:11)
  46 orc warriors
  2 ice beasts
  A sky beast (D:6)
  3 black bears
  Pargi (Sewer)
  3 ogres
  2 necrophages
  31 centaurs
  16 wolves
  6 boggarts
  2 phantoms
  3 kobold brigands
  Blork the orc (D:5)
  10 bullfrogs
  5 scorpions
  A cane toad simulacrum (IceCv)
  2 earth elementals (Volcano)
  2 gnoll sergeants
  A troll zombie (D:10)
  A water moccasin skeleton (D:5)
  Dowan (D:6)
  5 wights (D:9)
  23 killer bees
  6 howler monkeys
  5 spriggan skeletons (D:10)
  7 electric eels
  A troll skeleton (D:10)
  2 bullfrog zombies
  5 lava snakes (Volcano)
  6 centaur zombies
  6 hounds
  22 orc priests
  A gnoll shaman (Orc:1)
  3 jellies
  A bullfrog skeleton (D:5)
  2 iguanas
  14 hell rats
  5 lightning spires (Zot:2)
  22 orc wizards
  A wolf simulacrum (IceCv)
  A killer bee zombie (D:6)
  6 ogre zombies (D:10)
  A howler monkey zombie (D:11)
  41 gnolls
  10 adders
  8 river rats (Lair:4)
  A shadow imp (D:7)
  A white imp (D:7)
  A howler monkey simulacrum (D:11)
  An ufetubus (D:6)
  3 worms
  2 dart slugs
  87 orcs
  10 ball pythons
  8 endoplasms
  3 giant cockroaches
  29 goblins
  14 hobgoblins
  19 jackals
  6 quokkas
  12 bats
  5 frilled lizards
  A goblin skeleton (D:10)
  9 goblin zombies (D:10)
  10 kobolds
  2 orc skeletons (D:10)
  13 orc zombies (D:10)
  14 rats
  A plant (Lair:2)
2164 creatures vanquished.

Vanquished Creatures (collateral kills)
  An Orb Guardian (Zot:5)
  A deep troll (Vaults:4)
  A necromancer (Vaults:4)
  A slime creature (Vaults:4)
  A stone giant zombie (Vaults:4)
  2 orc warriors (Vaults:4)
  3 orcs (Vaults:4)
  A goblin (Bailey)
  A hobgoblin (Bailey)
12 creatures vanquished.

Vanquished Creatures (others)
  A tentacled monstrosity (Zot:2)
  A yaktaur captain (Vaults:5)
  A hellwing (Depths:2)
  2 bloated husks
  5 ball lightnings (Zot:2)
  34 foxfires
  13 fungi
  71 plants
  8 withered plants (Swamp:1)
136 creatures vanquished.

Grand Total: 2312 creatures vanquished

Notes
Turn   | Place    | Note
-------+----------+-------------------------------------------
     0 | D:1      | ALWAYSlose the Minotaur Berserker began the quest for the
                  | Orb.
     0 | D:1      | Reached XP level 1. HP: 19/19 MP: 0/0
    52 | D:1      | Reached XP level 2. HP: 21/27 MP: 1/1
   236 | D:1      | Reached XP level 3. HP: 30/33 MP: 2/2
   243 | D:1      | Reached ** piety under Trog
   694 | D:2      | Reached XP level 4. HP: 40/40 MP: 3/3
   785 | D:2      | Reached skill level 1 in Shields
  1238 | D:2      | Found a faded altar of an unknown god.
  1835 | D:3      | Found a glowing drain.
  1839 | D:3      | Reached XP level 5. HP: 47/47 MP: 4/4
  1846 | D:3      | Reached *** piety under Trog
  1856 | Sewer    | Entered a sewer
  1879 | Sewer    | Noticed Pargi
  1882 | Sewer    | Killed Pargi
  2219 | D:3      | Reached skill level 5 in Fighting
  2219 | D:3      | Reached skill level 5 in Maces & Flails
  2219 | D:3      | Reached XP level 6. HP: 56/56 MP: 5/5
  2221 | D:3      | Noticed Sigmund
  2621 | D:4      | Found a staircase to the Ecumenical Temple.
  3116 | D:3      | Killed Sigmund
  3117 | D:3      | Reached skill level 1 in Throwing
  3117 | D:3      | Reached XP level 7. HP: 61/61 MP: 6/6
  3159 | Temple   | Entered the Ecumenical Temple
  3174 | D:5      | Entered Level 5 of the Dungeon
  3573 | D:5      | Reached skill level 5 in Armour
  3831 | D:5      | Reached XP level 8. HP: 66/70 MP: 7/7
  3915 | D:5      | Reached skill level 5 in Dodging
  3950 | D:5      | Reached **** piety under Trog
  4278 | D:5      | Noticed Blork the orc
  4288 | D:5      | Killed Blork the orc
  5676 | D:6      | Noticed Duvessa
  5676 | D:6      | Noticed Dowan
  5684 | D:6      | Killed Dowan
  5685 | D:6      | Reached XP level 9. HP: 79/79 MP: 8/8
  5687 | D:6      | Killed Duvessa
  5879 | D:6      | Noticed Edmund
  5907 | D:6      | Killed Edmund
  6620 | D:7      | Found a flagged portal.
  6806 | Bailey   | Entered a bailey
  7152 | Bailey   | Reached skill level 5 in Throwing
  7155 | Bailey   | Reached ***** piety under Trog
  7385 | Bailey   | Noticed an orc warlord
  7404 | Bailey   | Killed an orc warlord
  7405 | Bailey   | Reached XP level 10. HP: 24/90 MP: 9/9
  7407 | Bailey   | HP: 2/90 [hobgoblin (3)]
  7733 | Bailey   | Identified the +1 dagger "Beseagh" {pain, *Corrode rElec
                  | Dex+3 Stlth+}
  8226 | D:7      | Acquired the amulet of Satyriasis {Acrobat rPois rN++ Int-5
                  | Slay+5}
  8228 | D:7      | Reached XP level 11. HP: 97/97 MP: 10/10
  8617 | D:7      | Found Urorch's Specific Store.
  8618 | D:7      | Found Juuprowk's General Store.
  9107 | D:8      | Found a stormy altar of Qazlal.
  9112 | D:8      | Found an ancient bone altar of Kikubaaqudgha.
  9114 | D:8      | Found a broken altar of Ashenzari.
  9114 | D:8      | Found a sacrificial altar of Ru.
  9114 | D:8      | Found a shimmering altar of Xom.
  9114 | D:8      | Found a shimmering blue altar of Sif Muna.
  9115 | D:8      | Found a sparkling altar of Nemelex Xobeh.
  9116 | D:8      | Found an ornate altar of the Wu Jian Council.
  9118 | D:8      | Found a radiant altar of Vehumet.
  9163 | D:8      | Noticed Maurice
  9171 | D:8      | Killed Maurice
  9731 | D:8      | Noticed Harold
  9739 | D:8      | Killed Harold
 10448 | D:9      | Received a gift from Trog
 10978 | D:10     | Entered Level 10 of the Dungeon
 11004 | D:10     | Found a staircase to the Orcish Mines.
 11032 | D:10     | Reached skill level 10 in Fighting
 11259 | D:10     | Found a staircase to the Lair.
 11262 | D:10     | Noticed a death yak
 11263 | D:10     | Noticed a death yak
 11264 | D:10     | Noticed a death yak
 11270 | D:10     | Killed a death yak
 11275 | D:10     | Killed a death yak
 11276 | D:10     | Reached XP level 12. HP: 44/106 MP: 11/11
 11279 | D:10     | Killed a death yak
 11559 | D:10     | Reached skill level 15 in Maces & Flails
 11603 | D:10     | Reached skill level 10 in Armour
 11972 | D:10     | Found Farob's Jewellery Emporium.
 12254 | D:10     | Received a gift from Trog
 12652 | D:11     | Reached skill level 10 in Dodging
 12756 | D:11     | Noticed a tengu warrior
 12757 | D:11     | Noticed a two-headed ogre
 12763 | D:11     | Killed a tengu warrior
 12767 | D:11     | Killed a two-headed ogre
 13128 | D:11     | Noticed Urug
 13136 | D:11     | Killed Urug
 13144 | D:11     | Noticed a seven-headed hydra
 13399 | D:11     | Noticed a two-headed ogre
 13404 | D:11     | Noticed a centaur warrior
 13411 | D:11     | Killed a two-headed ogre
 13414 | D:11     | Killed a centaur warrior
 13495 | D:11     | Reached skill level 5 in Shields
 13627 | D:11     | Noticed a death knight
 13628 | D:11     | Noticed a seven-headed hydra
 13632 | D:11     | Found a runed translucent door.
 13653 | D:11     | Noticed a death knight
 13654 | D:11     | Noticed a two-headed ogre
 13657 | D:11     | Killed a two-headed ogre
 13658 | D:11     | Reached XP level 13. HP: 72/117 MP: 12/12
 13870 | D:11     | Identified the +5 ring mail of the Elephant {rN++ Dex-5}
 13871 | D:11     | HP: 3/118 [deep elf pyromancer/bolt of fire (4)]
 13881 | D:11     | Identified the +16 plate armour "Potoah" {Str+4 Int-3
                  | Slay+3}
 14880 | D:11     | Paralysed by a floating eye for 3 turns
 15576 | D:12     | Reached skill level 10 in Shields
 15877 | D:10     | Bought a +6 ring of intelligence for 760 gold pieces
 15982 | Lair:1   | Entered Level 1 of the Lair of Beasts
 16811 | Lair:2   | Found a dark tunnel.
 16820 | Volcano  | Entered a volcano
 17117 | Volcano  | Found a burning altar of Makhleb.
 17128 | Volcano  | Noticed a stone giant
 17131 | Volcano  | Killed a stone giant
 17164 | Volcano  | Reached XP level 14. HP: 104/126 MP: 13/13
 17430 | Lair:2   | Received a gift from Trog
 17710 | Lair:2   | Noticed Sonja
 17714 | Lair:2   | Noticed Sonja
 17714 | Lair:2   | Sonja changed into Sonja the ice beast
 17718 | Lair:2   | Killed Sonja the ice beast
 17937 | Lair:2   | Identified the +0 war axe of Iconoclasm {protect, rC++}
 18031 | Lair:2   | Reached skill level 15 in Shields
 18481 | Lair:3   | Found a staircase to the Snake Pit.
 19209 | Lair:4   | Found a glowing silver altar of Zin.
 19239 | Lair:4   | Found a runed translucent gate.
 19243 | Lair:4   | Found a runed translucent gate.
 19255 | Lair:4   | Found a runed translucent gate.
 19261 | Lair:4   | Noticed Jysajome's ghost (adept OgCj)
 19284 | Lair:4   | Found a staircase to the Swamp.
 19842 | Lair:4   | Killed Jysajome's ghost
 19866 | Lair:4   | Received a gift from Trog
 20096 | Lair:5   | You fall into a shaft and drop 1 floor!
 20096 | Lair:6   | Entered Level 6 of the Lair of Beasts
 21061 | Lair:5   | Identified the +9 dagger "Syhox" {elec, *Rage rC+ rN+}
 21108 | Lair:6   | Found a staircase to the Slime Pits.
 21291 | Lair:6   | Reached XP level 15. HP: 132/132 MP: 14/14
 21419 | Lair:6   | Reached ****** piety under Trog
 21440 | Lair:6   | Received a gift from Trog
 21996 | Lair:6   | Reached skill level 15 in Armour
 22327 | Swamp:1  | Entered Level 1 of the Swamp
 22686 | Swamp:1  | Acquired a manual of Fighting
 22729 | Swamp:1  | Noticed Frances
 22748 | Swamp:1  | Killed Frances
 23152 | Swamp:1  | Reached skill level 15 in Fighting
 23750 | Swamp:2  | Received a gift from Trog
 23808 | Swamp:2  | Noticed Louise
 24136 | Swamp:2  | Killed Louise
 24159 | Swamp:2  | Reached XP level 16. HP: 149/152 MP: 15/15
 24174 | Swamp:2  | Acquired the +10 morningstar "Eos" {elec, Halo rElec}
 24174 | Swamp:2  | Found the +10 morningstar "Eos" {elec, Halo rElec}
 25606 | Swamp:4  | Entered Level 4 of the Swamp
 25877 | Swamp:4  | Received a gift from Trog
 26210 | Swamp:4  | Got a decaying rune of Zot
 26357 | Swamp:4  | Noticed Kirke
 26381 | Swamp:4  | Killed Kirke
 26607 | Swamp:4  | Noticed Aizul
 26612 | Swamp:4  | Killed Aizul
 27000 | Snake:1  | Entered Level 1 of the Snake Pit
 27058 | Snake:1  | Received a gift from Trog
 27289 | Snake:1  | Noticed Rupert
 27299 | Snake:1  | Killed Rupert
 27501 | Snake:1  | Reached XP level 17. HP: 171/171 MP: 16/16
 28059 | Snake:2  | Noticed Donald
 28073 | Snake:2  | Killed Donald
 28798 | Snake:2  | Found Yluamitox's Assorted Antiques.
 28801 | Snake:2  | Found Moithufe's Distillery.
 28801 | Snake:2  | Found Viot's Weapon Emporium.
 28804 | Snake:2  | Found Koiqoh's Magic Scroll Emporium.
 28809 | Snake:2  | Bought a potion of curing for 51 gold pieces
 28812 | Snake:2  | Bought a scroll of enchant armour for 105 gold pieces
 29681 | Snake:3  | Received a gift from Trog
 30479 | Snake:4  | Entered Level 4 of the Snake Pit
 30500 | Snake:4  | Found Wekaroc's Jewellery Boutique.
 30503 | Snake:4  | Found Vadad's Book Emporium.
 30504 | Snake:4  | Found Boitz's Jewellery Boutique.
 30514 | Snake:4  | Bought the ring "Ryowkyf" {Int+6 SInv} for 836 gold pieces
 30514 | Snake:4  | Lost intelligence.
 30661 | Snake:4  | Identified Roxanne's Volume of Transmutation
 30661 | Snake:4  | Noticed Roxanne
 30676 | Snake:4  | Killed Roxanne
 31348 | Snake:4  | Noticed a quicksilver dragon
 31349 | Snake:4  | Noticed a quicksilver dragon
 31357 | Snake:4  | Killed a quicksilver dragon
 31363 | Snake:4  | Killed a quicksilver dragon
 31558 | Snake:4  | Got a serpentine rune of Zot
 31956 | Orc:1    | Entered Level 1 of the Orcish Mines
 31974 | Orc:1    | Reached XP level 18. HP: 185/185 MP: 17/17
 32279 | Orc:2    | Entered Level 2 of the Orcish Mines
 32348 | Orc:2    | Received a gift from Trog
 32370 | Orc:2    | Found Zidghed's Assorted Antiques.
 32370 | Orc:2    | Found Ofumna's Armour Shoppe.
 32383 | Orc:2    | Found Ucyfuneu's General Store.
 32471 | Orc:2    | Found a frozen archway.
 32502 | IceCv    | Entered an ice cave
 32503 | IceCv    | Found a transporter.
 32525 | IceCv    | Found a transporter.
 32566 | IceCv    | Identified the +1 scale mail of Ygrix Toq {Harm rF+ Int+4
                  | Slay-6}
 32869 | Orc:2    | Found Iveokyem's Distillery.
 32875 | Orc:2    | Bought 2 potions of curing for 132 gold pieces
 32875 | Orc:2    | Bought a scroll of magic mapping for 77 gold pieces
 32984 | Orc:2    | Found a staircase to the Elven Halls.
 33696 | D:12     | Received a gift from Trog
 33979 | D:13     | Noticed Josephine
 33979 | D:13     | Noticed Nessos
 33982 | D:13     | Killed Josephine
 33998 | D:13     | Killed Nessos
 34347 | D:13     | Found Qunyepry's Weapon Emporium.
 34902 | D:14     | Received a gift from Trog
 35220 | D:14     | Found a gate to the Vaults.
 35605 | D:15     | Entered Level 15 of the Dungeon
 35820 | D:15     | Acquired 912 gold pieces
 36471 | D:15     | Found a staircase to the Depths.
 36735 | Depths:1 | Entered Level 1 of the Depths
 36735 | Depths:1 | Noticed Mara
 36840 | Vaults:1 | Entered Level 1 of the Vaults
 37509 | Vaults:1 | Received a gift from Trog
 37639 | Vaults:1 | Found a portal to a secret trove of treasure.
 37705 | Vaults:1 | Reached XP level 19. HP: 195/195 MP: 18/18
 38062 | Vaults:1 | You paid a toll of a +6 demon whip to enter a treasure
                  | trove
 38063 | Trove    | Entered a treasure trove
 38073 | Trove    | Identified the ring "Munkefaf" {Slay+2 SInv}
 38077 | Trove    | Identified the amulet of Curiosity {RegenMP rN+++ Str+4
                  | Stlth-}
 38088 | Trove    | Identified the ring of Igyorufona {Contam Str+5 Int+3 SInv}
 38658 | Vaults:2 | Noticed Jory
 38669 | Vaults:2 | Killed Jory
 38956 | Vaults:2 | Received a gift from Trog
 39406 | Vaults:2 | Found Mafuz's General Store.
 39438 | Vaults:2 | Bought a scroll of blinking for 97 gold pieces
 39514 | Vaults:2 | Noticed a golden dragon
 39543 | Vaults:2 | Killed a golden dragon
 39547 | Vaults:2 | Received a gift from Trog
 40946 | Vaults:3 | Received a gift from Trog
 40972 | Vaults:3 | Reached XP level 20. HP: 71/203 MP: 19/19
 40999 | Vaults:3 | Noticed a dread lich
 41007 | Vaults:3 | Killed a dread lich
 42011 | Vaults:3 | Found a staircase to the Crypt.
 42871 | Vaults:4 | Received a gift from Trog
 42872 | Vaults:4 | Reached skill level 27 in Maces & Flails
 43707 | Vaults:4 | Acquired the +1 cloak of Starlight {*Dazzle EV+4 Stlth--}
 43707 | Vaults:4 | Found the +1 cloak of Starlight {*Dazzle EV+4 Stlth--}
 44386 | Vaults:5 | Entered Level 5 of the Vaults
 45220 | Vaults:4 | Received a gift from Trog
 45229 | Vaults:4 | Paralysed by an ogre mage for 6 turns
 45238 | Vaults:4 | Reached XP level 21. HP: 156/213 MP: 20/20
 45396 | Vaults:4 | Lost intelligence.
 46510 | Vaults:5 | Identified the ring of the Lotus Blossom {rC++ rN+ Int-5
                  | Stlth+}
 46658 | Vaults:5 | Identified the ring of Scepticism {*Corrode *Slow rElec
                  | Will+++ AC+4}
 46675 | Vaults:5 | Paralysed by a sphinx for 5 turns
 46893 | Vaults:5 | Got a silver rune of Zot
 47088 | Vaults:5 | Received a gift from Trog
 47096 | Vaults:5 | Identified the +9 hand axe of Departure {spect, rC++}
 47129 | Vaults:5 | Found the +3 giant club "Skullcrusher" {speed, Str+7}
 48022 | Vaults:5 | Got the Volume of Beguiling and Snow
 48159 | Vaults:5 | Identified the +1 ring mail "Liopatha" {rF+ MP-9 Int+6}
 48905 | Depths:1 | Noticed ALWAYSlose's illusion
 48912 | Depths:1 | Killed Mara
 49085 | Depths:1 | Found a one-way gate to the infinite horrors of the Abyss.
 49679 | Depths:1 | Reached XP level 22. HP: 192/228 MP: 21/21
 49685 | Depths:1 | Noticed a golden dragon
 49691 | Depths:1 | Killed a golden dragon
 50103 | Depths:1 | Received a gift from Trog
 51021 | Depths:1 | Found a gateway to Hell.
 51323 | Depths:2 | Received a gift from Trog
 51326 | Depths:2 | Found a one-way gate leading to the halls of Pandemonium.
 51576 | Depths:2 | Found a shimmering altar of Xom.
 52008 | Depths:2 | Noticed an ancient lich
 52016 | Depths:2 | Killed an ancient lich
 52071 | Depths:2 | Paralysed by an orc sorcerer for 6 turns
 52081 | Depths:2 | Received a gift from Trog
 52112 | Depths:2 | Noticed an ancient lich
 52119 | Depths:2 | Killed an ancient lich
 52158 | Depths:2 | Reached skill level 27 in Fighting
 54046 | Depths:3 | Found a sacrificial altar of Ru.
 54130 | Depths:3 | Lost intelligence.
 54870 | Depths:3 | Found a corrupted altar of Lugonu.
 54927 | Depths:3 | Found a gateway to a ziggurat.
 54931 | Depths:3 | Noticed a golden dragon
 54937 | Depths:3 | Killed a golden dragon
 55182 | Depths:3 | Reached skill level 27 in Armour
 55335 | Depths:3 | Found a transporter.
 55337 | Depths:3 | Found a transporter.
 55371 | Depths:4 | Entered Level 4 of the Depths
 55391 | Depths:4 | Noticed a juggernaut
 55399 | Depths:4 | Killed a juggernaut
 55407 | Depths:4 | Reached XP level 23. HP: 113/240 MP: 22/22
 55807 | Depths:4 | Upgraded the game from 0.28-a0-998-gb9e9c7b67e to
                  | 0.28-a0-1033-g1a2f33fa85
 55926 | Depths:4 | Received a gift from Trog
 56593 | Depths:4 | Found a gate to the Realm of Zot.
 56940 | Zot:1    | Entered Level 1 of the Realm of Zot
 56940 | Zot:1    | Noticed a Killer Klown
 56940 | Zot:1    | Noticed a dread lich
 56943 | Zot:1    | Noticed a Killer Klown
 56944 | Zot:1    | Noticed a Killer Klown
 56947 | Zot:1    | Killed a dread lich
 56953 | Zot:1    | Killed a Killer Klown
 56963 | Zot:1    | Killed a Killer Klown
 57200 | Zot:1    | Killed a Killer Klown
 58100 | Zot:1    | Received a gift from Trog
 59192 | Zot:1    | Reached skill level 15 in Dodging
 59836 | Zot:2    | Reached XP level 24. HP: 249/249 MP: 22/22
 60807 | Zot:3    | Noticed an orb of fire
 60813 | Zot:3    | Gained mutation: Your spells are a little harder to cast,
                  | but a little more powerful. [an orb of fire]
 60815 | Zot:3    | Killed an orb of fire
 61285 | Zot:3    | Noticed an orb of fire
 61290 | Zot:3    | Received a gift from Trog
 61296 | Zot:3    | Killed an orb of fire
 61787 | Zot:3    | Noticed Etiafa's ghost (legendary TrWz)
 61798 | Zot:3    | Found a transporter.
 61802 | Zot:3    | Noticed a shard shrike
 61802 | Zot:3    | Noticed a shard shrike
 61802 | Zot:3    | Noticed a shard shrike
 61804 | Zot:3    | Noticed a shard shrike
 61806 | Zot:3    | Found the +6 arbalest "Damnation" {damnation}
 61836 | Zot:3    | Found a transporter.
 63012 | Zot:4    | Found the +4 dragonskin cloak
 63012 | Zot:4    | Noticed Tiamat
 63031 | Zot:4    | Killed Tiamat
 63827 | Zot:5    | Entered Level 5 of the Realm of Zot
 64199 | Zot:5    | Reached XP level 25. HP: 249/257 MP: 22/22
 64271 | Zot:5    | Noticed a dread lich
 64280 | Zot:5    | Killed a dread lich
 64281 | Zot:5    | Paralysed by a Zot trap for 3 turns
 64301 | Zot:5    | Noticed an ancient lich
 64304 | Zot:5    | Noticed an orb of fire
 64304 | Zot:5    | Noticed an orb of fire
 64314 | Zot:5    | Gained mutation: You sometimes lose the ability to read
                  | scrolls when taking damage. [an orb of fire]
 64315 | Zot:5    | Noticed a Killer Klown
 64317 | Zot:5    | Noticed an orb of fire
 64322 | Zot:5    | Gained mutation: You are frail. (-10% HP) [an orb of fire]
 64793 | Zot:5    | Killed an ancient lich
 64820 | Zot:5    | Lost mutation: You are frail. (-10% HP) [potion of
                  | mutation]
 64820 | Zot:5    | Lost mutation: You sometimes lose the ability to read
                  | scrolls when taking damage. [potion of mutation]
 64820 | Zot:5    | Gained mutation: Your mind is acute. (Int +2) [potion of
                  | mutation]
 64820 | Zot:5    | Gained mutation: Your flesh is heat resistant. (rF+)
                  | [potion of mutation]
 64875 | Zot:5    | Killed a Killer Klown
 65156 | Zot:5    | Received a gift from Trog
 65267 | Zot:5    | Noticed an orb of fire
 65267 | Zot:5    | Noticed an orb of fire
 65267 | Zot:5    | Noticed an orb of fire
 65267 | Zot:5    | Noticed a Killer Klown
 65268 | Zot:5    | Noticed a Killer Klown
 65273 | Zot:5    | Gained mutation: Your body sometimes deteriorates upon
                  | taking damage. [an orb of fire]
 65277 | Zot:5    | Noticed an orb of fire
 65278 | Zot:5    | Noticed a Killer Klown
 65281 | Zot:5    | Gained mutation: Armour fits poorly on your strangely
                  | shaped body. [an orb of fire]
 65283 | Zot:5    | Lost mutation: Your spells are a little harder to cast, but
                  | a little more powerful. [an orb of fire]
 65284 | Zot:5    | Gained mutation: You are occasionally teleported next to
                  | monsters. [an orb of fire]
 65285 | Zot:5    | Gained mutation: You occasionally shout uncontrollably at
                  | your foes. [an orb of fire]
 65286 | Zot:5    | Gained mutation: Your spells are a little easier to cast,
                  | but a little less powerful. [an orb of fire]
 65286 | Zot:5    | Gained mutation: You have hidden genetic defects. [an orb
                  | of fire]
 65531 | Zot:5    | Killed a Killer Klown
 65576 | Zot:5    | Killed an orb of fire
 65598 | Zot:5    | Gained mutation: You are weak. (Str -2) [an orb of fire]
 65600 | Zot:5    | Killed an orb of fire
 65739 | Zot:5    | Gained mutation: You are very weak. (Str -4) [an orb of
                  | fire]
 65740 | Zot:5    | Lost mutation: You occasionally shout uncontrollably at
                  | your foes. [an orb of fire]
 65741 | Zot:5    | Gained mutation: You are agile. (Dex +2) [an orb of fire]
 65744 | Zot:5    | Gained mutation: Your magical capacity is low. (-10% MP)
                  | [an orb of fire]
 65745 | Zot:5    | Killed an orb of fire
 65747 | Zot:5    | Killed an orb of fire
 65751 | Zot:5    | Killed an orb of fire
 65780 | Zot:5    | HP: 7/257 [Killer Klown/klown pie (36)]
 66479 | Zot:5    | Killed a Killer Klown
 66619 | Zot:5    | Killed an orb of fire
 66627 | Zot:5    | Gained mutation: You occasionally shout uncontrollably at
                  | your foes. [hidden defects]
 66734 | Zot:5    | Killed an orb of fire
 67010 | Zot:5    | Killed a Killer Klown
 67368 | Zot:5    | Got the Orb of Zot
 67575 | Zot:1    | Gained mutation: You sometimes lose the ability to read
                  | scrolls when taking damage. [a neqoxec]
 67578 | Zot:1    | Lost mutation: You have hidden genetic defects. [potion of
                  | mutation]
 67578 | Zot:1    | Lost mutation: Armour fits poorly on your strangely shaped
                  | body. [potion of mutation]
 67578 | Zot:1    | Lost mutation: Your mind is acute. (Int +2) [potion of
                  | mutation]
 67578 | Zot:1    | Gained mutation: You frequently scream uncontrollably at
                  | your foes. [potion of mutation]
 67578 | Zot:1    | Gained mutation: You do not regenerate when monsters are
                  | visible. [potion of mutation]
 67579 | Zot:1    | Lost mutation: You frequently scream uncontrollably at your
                  | foes. [potion of mutation]
 67579 | Zot:1    | Lost mutation: Your flesh is heat resistant. (rF+) [potion
                  | of mutation]
 67579 | Zot:1    | Lost mutation: You are very weak. (Str -4) [potion of
                  | mutation]
 67579 | Zot:1    | Gained mutation: You tend to lose your temper in combat.
                  | [potion of mutation]
 67579 | Zot:1    | Gained mutation: You are strong-willed. (Will+) [potion of
                  | mutation]
 67579 | Zot:1    | Gained mutation: You have a pair of large horns on your
                  | head. [potion of mutation]
 67580 | Zot:1    | Lost mutation: Your magical capacity is low. (-10% MP)
                  | [potion of mutation]
 67580 | Zot:1    | Lost mutation: You are agile. (Dex +2) [potion of mutation]
 67580 | Zot:1    | Gained mutation: You are very weak. (Str -4) [potion of
                  | mutation]
 67581 | Zot:1    | Lost mutation: Your body sometimes deteriorates upon taking
                  | damage. [potion of mutation]
 67581 | Zot:1    | Lost mutation: You are very weak. (Str -4) [potion of
                  | mutation]
 67581 | Zot:1    | Gained mutation: Armour fits poorly on your strangely
                  | shaped body. [potion of mutation]
 67581 | Zot:1    | Gained mutation: Your spells are easier to cast, but less
                  | powerful. [potion of mutation]
 67581 | Zot:1    | Gained mutation: Your system is resistant to poisons.
                  | (rPois) [potion of mutation]
 67582 | Zot:1    | Lost mutation: You occasionally shout uncontrollably at
                  | your foes. [potion of mutation]
 67582 | Zot:1    | Lost mutation: You have a pair of large horns on your head.
                  | [potion of mutation]
 67583 | Zot:1    | Lost mutation: Your system is resistant to poisons. (rPois)
                  | [potion of mutation]
 67583 | Zot:1    | Lost mutation: You sometimes lose the ability to read
                  | scrolls when taking damage. [potion of mutation]
 67583 | Zot:1    | Gained mutation: You are partially covered in iridescent
                  | scales. (AC +2) [potion of mutation]
 67584 | Zot:1    | Lost mutation: You are weak. (Str -2) [potion of mutation]
 67584 | Zot:1    | Lost mutation: Your spells are easier to cast, but less
                  | powerful. [potion of mutation]
 67584 | Zot:1    | Lost mutation: Armour fits poorly on your strangely shaped
                  | body. [potion of mutation]
 67584 | Zot:1    | Gained mutation: You are highly strong-willed. (Will++)
                  | [potion of mutation]
 67639 | Depths:4 | Noticed Topn the pandemonium lord
 67680 | Depths:2 | Killed Topn the pandemonium lord
 67706 | Depths:2 | Noticed Zowkut the pandemonium lord
 67709 | Depths:2 | Noticed Ceolurgh the pandemonium lord
 67719 | Depths:1 | Noticed Deckifil the pandemonium lord
 67727 | Depths:1 | Killed Deckifil the pandemonium lord
 68140 | D:$      | Escaped with the Orb!

Illustrated notes

Levels and vault maps discovered:
D:1:      psy_arrival_spokes, layout_rooms, minmay_tromino_mix6
D:2:      layout_rooms, hellmonk_ecumenical_altar_heavens_door,
          bh_walls_and_bars
D:3:      layout_basic, portal_sewer_entry_b, uniq_sigmund
D:4:      layout_gridville, minmay_temple_entry_slanted,
          chequers_serial_rivers_micro_c
D:5:      lemuel_castle_with_subvaults [lemuel_castle_interior_carwin_2],
          layout_loops_ring, minmay_misc_feat_cross, kennysheep_generic_room_12,
          uniq_blork_the_orc
D:6:      layout_loops_ring, serial_bayou_pond_c, chequers_jeans, uniq_duvessa,
          uniq_edmund
D:7:      layout_loops_cross, enter_bailey_5, nicolae_specific_store
D:8:      layout_basic, minitemple, uniq_maurice, uniq_harold
D:9:      layout_layer_cave, serial_glass, glass_columns_c, glass_columns_b,
          glass_columns_a, glass_columns_a, glass_columns_c, glass_columns_a,
          glass_columns_b, glass_columns_b, glass_columns_b, glass_columns_a
D:10:     layout_stronghold, dpeg_lair_monsters, zombieorc2_lemuel,
          serial_shops, kennysheep_mini, hangedman_tell_no_tales
D:11:     minmay_the_grid_triangle_9x9_rhombus_full
          [minmay_the_grid_triangle_9x9_pentomino_pain,
          minmay_the_grid_triangle_9x9_checkered,
          minmay_the_grid_triangle_9x9_sparse_checkered,
          minmay_the_grid_triangle_9x9_skeleton,
          minmay_the_grid_triangle_9x9_subtriangle,
          minmay_the_grid_triangle_9x9_zippers_horizontal,
          minmay_the_grid_triangle_9x9_alien,
          minmay_the_grid_triangle_9x9_prize_center], layout_gridville,
          grunt_tough_drop, uniq_urug
D:12:     layout_basic
D:13:     layout_basic, kennysheep_windowed_goal, uniq_josephine, uniq_nessos
D:14:     layout_roguey [special_room_bee], skrybe_vaults_entry_preservation,
          chequers_serial_rivers_small_a
D:15:     hangedman_depths_entry_try_elsewhere_first, layout_loops_ring,
          chequers_serial_rivers_micro_e, grunt_ministairs_13, corner_web_ring
Temple:   cyrus_circular_temple
Lair:1:   layout_roguey
Lair:2:   layout_hall_layers, nicolae_volcano_entry_two_sided,
          minmay_lair_oklob_items, uniq_sonja
Lair:3:   layout_layer_cave, minmay_snake_entry_six_corridors
Lair:4:   layout_roguey, minmay_swamp_entry_wisps,
          maelrawn_ghost_gauntlet_escape, basic_altar, kennysheep_rathole,
          infiniplex_staircase_pool_2
Lair:5:   layout_roguey, chequers_serial_rivers_large_b, st_stairs_5,
          serial_bayou_ford_a, serial_bayou_shore_a, serial_bayou_shore_b
Lair:6:   evilmike_catoblepas_cave, layout_gridlike, minmay_slime_entry_pillars
Swamp:1:  layout_basic_swamp, serial_swamp_ruin, evilmike_swamp_ruin_wall,
          evilmike_swamp_ruin_house_2, evilmike_swamp_ruin_house_3, swamp_pool1,
          nicolae_swamp_treefoil, st_shrine_of_shade, uniq_frances
Swamp:2:  nicolae_swamp_long_stream, layout_falls_marsh,
          nicolae_swamp_big_swirl, st_swamp_ruins_1, uniq_louise
Swamp:3:  layout_basic_swamp, evilmike_swamp_ruin_rubble_2
Swamp:4:  swamp, layout_basic_swamp, swamp_pool4, nicolae_swamp_snake_nest,
          uniq_aizul, uniq_kirke
Snake:1:  layout_misc_corridors, nicolae_snake_boneroom, serial_bayou_shore_b,
          lemuel_fruit_tree, uniq_rupert
Snake:2:  layout_chambers, drop_trap, nicolae_snake_snakes_in_the_grass,
          minmay_shoptagon, uniq_donald
Snake:3:  layout_onion
Snake:4:  hellmonk_snake_rune_quicksilver_temple, layout_misc_corridors,
          serial_bayou_pond_e, minmay_shop_grove, uniq_roxanne
Orc:1:    layout_caves, rock_pile
Orc:2:    st_orc_rangers, layout_caves, portal_ice_cave_demonic_guard,
          basic_altar
Vaults:1: v_misc_16, nicolae_vaults_little_squares_6,
          nicolae_vaults_twisting_passages, nicolae_vaults_big_ls,
          nicolae_vaults_circle_grid_a, nicolae_vaults_mini_display_case,
          v_misc_8, layout_vaults_ring, trove_entry_hex_spiral
Vaults:2: ontoclasm_vaults_spin, nicolae_vaults_ninety_degrees,
          dpeg_vaults_pockets_of_resistance, ontoclasm_vaults_hangar,
          layout_vaults_chaotic_city, serial_shops,
          nicolae_shop_window_shopping, uniq_jory
Vaults:3: nicolae_vaults_little_squares_6, grunt_vaults_focal,
          nicolae_vaults_back_hallway, st_cells,
          ontoclasm_vaults_loading_screen,
          vaults_standard_mumra_enter_the_diamond, v_pattern_3,
          vaults_dpeg_spiral, nicolae_vaults_border_crossing,
          vaults_dpeg_diagonal, vaults_mumra_lcd,
          nicolae_vaults_little_squares_1, layout_vaults_maze,
          minmay_crypt_entry_simple_statues
Vaults:4: vaults_mumra_chevron, hangedman_vaults_slice, v_misc_33,
          vaults_room_pools, st_squares, hangedman_vaults_hat, v_misc_3,
          ontoclasm_vaults_eye, nicolae_vaults_asterisk, layout_vaults_omnicross
Vaults:5: serial_shops
Depths:1: minmay_outward_triangles, layout_cave_pools, fountainhead,
          abyss_entry, grunt_hell_entry_dis_old, minmay_serpent_palace,
          uniq_mara
Depths:2: minmay_tri_stars, layout_basic, xom_teletrap_fun, abyss_entry,
          hellmouth_2, rand_demon_pan_entry_3, infiniplex_staircase_zigzag_2
Depths:3: gammafunk_corrupted_shrine, layout_basic, enter_ziggurat_f,
          lemuel_doored_altar, pan_entry,
          nicolae_abyss_entry_one_way_or_another, hell_entry,
          minmay_staircase_bubble
Depths:4: grunt_twist_and_shout, layout_honeycomb, minmay_misc_feat_room,
          pf_coc_iceberg
Zot:1:    ebering_klown_carousel, layout_misc_corridors
Zot:2:    infiniplex_zot_generator, layout_misc_corridors, lemuel_golem_globe
Zot:3:    layout_misc_corridors, gammafunk_ghost_berserking_beasts,
          grunt_megastairs_1
Zot:4:    gammafunk_mikee_crab_dinner, layout_misc_corridors, uniq_tiamat
Zot:5:    layout_basic, lemuel_baited_zot_trap

Skill      XL: |  1  2  3  4  5  6  7  8  9 10 11 12 13 14 15 16 17 18 19 20 21 22 23 24 25 |
---------------+----------------------------------------------------------------------------+-----
Maces & Flails | 4 5 6 7 8 14 16 17 18 21 25 27 | 27.0
Fighting       | 4 5 6 7 8 9 10 11 12 16 20 22 23 25 27 | 27.0
Armour         | 3 4 5 6 8 9 11 12 14 17 19 21 22 23 24 27 | 27.0
Dodging        | 3 4 6 7 9 10 11 15 18 21 | 21.2
Shields        | 1 2 3 4 5 13 15 18 21 24 | 24.3
Throwing       | 1 2 3 5 6 |  6.0

Action                   |  1- 3 |  4- 6 |  7- 9 | 10-12 | 13-15 | 16-18 | 19-21 | 22-24 | 25-27 || total
-------------------------+-------+-------+-------+-------+-------+-------+-------+-------+-------++-------
Melee: Mace              |    19 |       |       |       |       |       |       |       |       ||    19
       Headbutt          |    10 |    15 |    73 |    91 |   225 |   349 |   351 |   415 |   113 ||  1642
       Flail             |    37 |    93 |   391 |   145 |       |       |       |       |       ||   666
       Demon whip        |       |       |       |   286 |   753 |   875 |       |       |       ||  1914
       Morningstar       |       |       |       |       |       |    25 |       |       |       ||    25
       Eveningstar       |       |       |       |       |       |   262 |   838 |  1068 |   291 ||  2459
Throw: Dart              |       |       |       |     9 |     3 |       |       |    27 |       ||    39
Invok: Berserk           |       |     3 |    14 |    11 |    12 |     8 |    11 |    17 |     7 ||    83
       Trog's Hand       |       |     1 |       |     1 |     2 |       |     2 |     2 |     5 ||    13
       Brothers in Arms  |       |       |       |       |       |       |     2 |       |     3 ||     5
Evoke: Wand              |       |       |       |       |     2 |       |       |    11 |     6 ||    19
       Lightning rod     |       |       |       |       |       |     4 |       |       |       ||     4
       Phial of floods   |       |       |       |       |       |       |     1 |     1 |       ||     2
       Box of beasts     |       |       |       |       |       |       |       |     1 |       ||     1
  Use: Scroll            |       |     4 |     7 |     5 |    15 |     7 |     4 |     3 |    13 ||    58
       Potion            |       |       |     5 |     4 |     4 |       |     2 |     1 |    19 ||    35
 Stab: Invisible         |       |       |     2 |       |       |       |     5 |    14 |       ||    21
       Petrified         |       |       |       |       |     7 |       |       |       |       ||     7
       Distracted        |       |       |       |       |       |     2 |    18 |    19 |     8 ||    47
       Petrifying        |       |       |       |       |       |     1 |       |       |       ||     1
Armor: Animal skin       |    13 |     9 |       |       |       |       |       |       |       ||    22
       Chain mail        |       |    33 |   123 |       |       |       |       |       |       ||   156
       Scale mail        |       |       |    60 |   119 |     8 |       |       |       |       ||   187
       Plate armour      |       |       |       |       |   290 |   297 |   306 |   361 |   169 ||  1423
Dodge: Dodged            |    48 |    56 |   169 |   169 |   259 |   459 |   397 |   688 |   227 ||  2472
Block: Buckler           |     3 |    17 |    84 |    67 |       |       |       |       |       ||   171
       Kite shield       |       |       |       |       |   425 |   867 |   699 |   804 |   305 ||  3100

Table legend: (Time is in decaauts)
 A = Elapsed time spent in this place.
 B = Non-inter-level travel time spent in this place.
 C = Inter-level travel time spent in this place.
 D = Time resting spent in this place.
 E = Time spent auto-exploring this place.
 F = Levels seen in this place.
 G = Mean time per level.
                   A        B        C        D        E       F      G
               +--------+--------+--------+--------+--------+-----+--------+
         Total |  68165 |  63342 |   4823 |  13467 |  39574 |  51 | 1336.6 |
       Dungeon |  19253 |  17287 |   1966 |   2029 |  12411 |  15 | 1283.5 |
        Temple |      4 |      4 |      0 |      0 |      0 |   1 |    4.0 |
          Lair |   5950 |   5506 |    444 |    370 |   4373 |   6 |  991.7 |
         Swamp |   4643 |   4480 |    163 |    450 |   3332 |   4 | 1160.8 |
     Snake Pit |   4714 |   4484 |    230 |    254 |   3581 |   4 | 1178.5 |
  Orcish Mines |   1099 |   1051 |     48 |     26 |    740 |   2 |  549.5 |
        Vaults |  12201 |  11079 |   1122 |   2866 |   6752 |   5 | 2440.2 |
        Depths |   8905 |   8608 |    297 |   2831 |   4492 |   4 | 2226.2 |
           Zot |   9578 |   9029 |    549 |   4163 |   3176 |   5 | 1915.6 |
         Trove |     76 |     76 |      0 |      0 |      7 |   1 |   76.0 |
         Sewer |     87 |     87 |      0 |      0 |     66 |   1 |   87.0 |
        Bailey |    957 |    957 |      0 |    330 |    293 |   1 |  957.0 |
      Ice Cave |    218 |    218 |      0 |    145 |      0 |   1 |  218.0 |
       Volcano |    475 |    475 |      0 |      0 |    349 |   1 |  475.0 |
               +--------+--------+--------+--------+--------+-----+--------+

Top non-repeatable levels by time:
Vaults:4: 4089 daAuts
   Zot:5: 3400 daAuts
    D:11: 2980 daAuts
Depths:4: 2608 daAuts
Vaults:5: 2430 daAuts
     D:5: 2315 daAuts
Depths:2: 2174 daAuts
Depths:1: 2104 daAuts
Vaults:2: 2051 daAuts
Depths:3: 2017 daAuts
   Zot:2: 1946 daAuts
Vaults:1: 1861 daAuts
Vaults:3: 1768 daAuts
    D:10: 1742 daAuts
   Zot:4: 1689 daAuts
